[ PARTIDA AOE2 · #479667084 ]
UnrankedGeorgianos vs Gurjaras
[ ANÁLISIS DE REPETICIÓN · EXTRAÍDO DE LA PARTIDA GRABADA ]
Feudal
9:17
Castillos
—
Imperial
—
| APM promedio | 33.0 |
| APM pico | 72 |
| eAPM promedio | 12.3 |
| Aldeanos / militares | 51 / 18 |
Foco
⚔️ 22.2% · 🌾 77.8%
Scout Cavalry ×14 · Spearman ×4
Feudal
8:26
Castillos
20:10
Imperial
—
| APM promedio | 61.6 |
| APM pico | 96 |
| eAPM promedio | 24.9 |
| Aldeanos / militares | 47 / 31 |
Foco
⚔️ 49.0% · 🌾 51.0%
Scout Cavalry ×19 · Camel Scout ×11 · Spearman ×1
Feudal
10:59
Castillos
14:59
Imperial
—
| APM promedio | 46.1 |
| APM pico | 71 |
| eAPM promedio | 20.1 |
| Aldeanos / militares | 39 / 26 |
Foco
⚔️ 40.5% · 🌾 59.5%
Arambai ×23 · Mangonel ×3
Feudal
8:54
Castillos
20:25
Imperial
—
| APM promedio | 68.8 |
| APM pico | 122 |
| eAPM promedio | 32.9 |
| Aldeanos / militares | 44 / 26 |
Foco
⚔️ 68.0% · 🌾 32.0%
Camel Scout ×17 · Scout Cavalry ×8 · Spearman ×1
Feudal
9:11
Castillos
—
Imperial
—
| APM promedio | 54.6 |
| APM pico | 106 |
| eAPM promedio | 18.1 |
| Aldeanos / militares | 50 / 32 |
Foco
⚔️ 23.7% · 🌾 76.3%
Archer ×27 · Militia ×5
Feudal
8:59
Castillos
22:27
Imperial
—
| APM promedio | 72.0 |
| APM pico | 100 |
| eAPM promedio | 36.8 |
| Aldeanos / militares | 77 / 44 |
Foco
⚔️ 52.5% · 🌾 47.5%
Archer ×44
Feudal
9:15
Castillos
—
Imperial
—
| APM promedio | 48.0 |
| APM pico | 90 |
| eAPM promedio | 16.5 |
| Aldeanos / militares | 51 / 25 |
Foco
⚔️ 30.0% · 🌾 70.0%
Scout Cavalry ×15 · Spearman ×10
Feudal
8:51
Castillos
19:52
Imperial
—
| APM promedio | 50.3 |
| APM pico | 86 |
| eAPM promedio | 22.2 |
| Aldeanos / militares | 60 / 38 |
Foco
⚔️ 48.1% · 🌾 51.9%
Archer ×35 · Skirmisher ×2 · Monk ×1
Mapa de la partida
Recursos iniciales + cada clic de construcción. Líneas = muros · curvas = relieve. ◆ oro · ⬟ piedra · ● bayas · ✦ reliquia · ◌ hueco del cierre
Tu base· ✓ Cerrada en 21:52 · 36t muro · 1 puerta(s)
Base de Zni.Chaos· Abierta — flanco sin cerrar
Base de LM | kingofthrowing123· Abierta — hueco de 13t
Base de Rgeadn· Abierta — flanco sin cerrar
Base de KekB_Perce1992· Abierta — flanco sin cerrar
Base de lxnmnk Trade | B | S· Abierta — hueco de 1t
Base de Scogx· Abierta — flanco sin cerrar
Base de Eugenius· ✓ Cerrada en 19:52 · 37t muro · 1 puerta(s)
Terreno inicial suavizado · ◌ = hueco del cierre detectado · pasá el cursor para detalles
Inputs por minuto
— chrizbee - - Zni.Chaos
Build order — chrizbee
131 acciones detectadas en el replay
| 0:01 | Crear | Villager (Male) ×4 |
| 0:02 | Construir | House |
| 0:03 | Construir | House |
| 1:31 | Crear | Villager (Male) |
| 1:31 | Crear | Villager (Male) |
| 2:02 | Crear | Villager (Male) |
| 2:02 | Crear | Villager (Male) |
| 2:18 | Crear | Villager (Male) |
| 2:19 | Crear | Villager (Male) |
| 2:49 | Crear | Villager (Male) |
| 3:03 | Construir | House |
| 3:05 | Crear | Villager (Male) |
| 3:35 | Crear | Villager (Male) |
| 3:47 | Crear | Villager (Male) |
| 4:06 | Crear | Villager (Male) |
| 4:06 | Crear | Villager (Male) |
| 4:48 | Crear | Villager (Male) |
| 5:23 | Crear | Villager (Male) |
| 5:48 | Investigar | Loom |
| 6:17 | Crear | Villager (Male) |
| 6:22 | Construir | Mill |
| 6:41 | Crear | Villager (Male) |
| 7:03 | Investigar | Feudal Age |
| 7:49 | Construir | Barracks |
| 8:20 | Construir | House |
| 9:17 | Edad | Edad Feudal |
| 9:19 | Crear | Villager (Male) |
| 9:20 | Crear | Villager (Male) |
| 10:10 | Crear | Villager (Male) |
| 10:13 | Crear | Villager (Male) |
| 10:18 | Construir | Stable |
| 10:39 | Construir | House |
| 10:40 | Construir | House |
| 10:44 | Crear | Villager (Male) |
| 10:57 | Construir | Palisade Wall |
| 10:59 | Crear | Villager (Male) |
| 11:01 | Crear | Scout Cavalry |
| 11:01 | Crear | Scout Cavalry |
| 11:12 | Construir | House |
| 11:15 | Construir | Palisade Wall |
| 11:22 | Construir | House |
| 11:23 | Construir | Palisade Wall |
| 11:39 | Construir | House |
| 11:43 | Construir | Farm |
| 11:51 | Crear | Scout Cavalry |
| 11:51 | Crear | Scout Cavalry |
| 11:53 | Crear | Villager (Male) ×5 |
| 11:57 | Investigar | Double-Bit Axe |
| 12:03 | Construir | House |
| 12:21 | Investigar | Horse Collar |
| 12:26 | Construir | House |
| 12:32 | Construir | Farm |
| 12:57 | Construir | Farm |
| 12:58 | Construir | Farm |
| 13:07 | Crear | Scout Cavalry |
| 13:18 | Construir | Farm |
| 13:26 | Construir | Farm |
| 13:35 | Crear | Villager (Male) |
| 13:39 | Construir | Farm |
| 14:14 | Construir | Mule Cart |
| 14:16 | Construir | Farm |
| 14:22 | Crear | Villager (Male) |
| 14:39 | Crear | Villager (Male) |
| 14:43 | Crear | Scout Cavalry |
| 14:45 | Crear | Spearman |
| 14:45 | Crear | Spearman |
| 14:48 | Construir | Farm |
| 15:02 | Crear | Villager (Male) |
| 15:05 | Construir | Farm |
| 15:19 | Construir | Farm |
| 15:24 | Construir | Farm |
| 15:29 | Crear | Scout Cavalry |
| 15:49 | Crear | Villager (Male) |
| 15:49 | Crear | Villager (Male) |
| 15:51 | Construir | Farm |
| 15:58 | Construir | Farm |
| 15:59 | Construir | Farm |
| 16:07 | Construir | Palisade Gate |
| 16:08 | Construir | House |
| 16:25 | Construir | Farm |
| 16:32 | Crear | Spearman |
| 16:32 | Crear | Spearman |
| 16:36 | Crear | Villager (Male) |
| 16:48 | Construir | Farm |
| 16:52 | Crear | Villager (Male) |
| 17:04 | Construir | Blacksmith |
| 17:22 | Crear | Villager (Male) |
| 17:24 | Construir | Farm |
| 17:33 | Construir | Farm |
| 17:35 | Construir | Farm |
| 17:43 | Construir | Farm |
| 17:45 | Crear | Villager (Male) |
| 17:50 | Construir | House |
| 17:51 | Construir | House |
| 17:59 | Investigar | Scale Barding Armor |
| 18:11 | Construir | Farm |
| 18:15 | Crear | Villager (Male) |
| 18:29 | Construir | Farm |
| 18:33 | Construir | House |
| 18:38 | Construir | Farm |
| 18:40 | Construir | Farm |
| 18:42 | Crear | Villager (Male) |
| 18:43 | Crear | Scout Cavalry |
| 18:43 | Crear | Scout Cavalry |
| 18:57 | Construir | Farm |
| 18:59 | Crear | Villager (Male) |
| 19:12 | Construir | Palisade Wall |
| 19:13 | Construir | Palisade Wall |
| 19:16 | Construir | Farm |
| 19:19 | Crear | Scout Cavalry |
| 19:19 | Crear | Scout Cavalry |
| 19:34 | Crear | Villager (Male) |
| 19:44 | Construir | Farm |
| 19:53 | Construir | Mule Cart |
| 20:03 | Construir | Market |
| 20:09 | Crear | Villager (Male) |
| 20:09 | Crear | Villager (Male) |
| 20:11 | Crear | Scout Cavalry |
| 20:15 | Investigar | Gold Mining |
| 20:39 | Construir | Farm |
| 20:51 | Crear | Villager (Male) |
| 20:52 | Crear | Scout Cavalry |
| 21:12 | Investigar | Forging |
| 21:28 | Crear | Villager (Male) |
| 21:28 | Crear | Villager (Male) |
| 21:43 | Crear | Scout Cavalry |
| 21:52 | Investigar | Castle Age |
| 22:21 | Investigar | Bloodlines |
| 22:33 | Construir | Stable |
| 22:51 | Crear | Villager (Male) |
| 23:07 | Construir | House |
Build order — Zni.Chaos
142 acciones detectadas en el replay
| 0:00 | Crear | Villager (Male) |
| 0:01 | Crear | Villager (Male) |
| 0:02 | Construir | House |
| 0:04 | Construir | House |
| 0:23 | Construir | Mill |
| 0:26 | Crear | Villager (Male) |
| 1:08 | Crear | Villager (Male) |
| 1:08 | Crear | Villager (Male) |
| 1:35 | Crear | Villager (Male) |
| 1:35 | Crear | Villager (Male) |
| 1:55 | Crear | Villager (Male) |
| 1:55 | Crear | Villager (Male) |
| 2:27 | Crear | Villager (Male) |
| 2:27 | Crear | Villager (Male) |
| 2:28 | Crear | Villager (Male) |
| 2:57 | Crear | Villager (Male) |
| 2:57 | Crear | Villager (Male) |
| 3:35 | Crear | Villager (Male) |
| 3:35 | Crear | Villager (Male) |
| 3:36 | Crear | Villager (Male) |
| 3:53 | Construir | House |
| 3:58 | Crear | Villager (Male) |
| 4:31 | Construir | Lumber Camp |
| 4:58 | Crear | Villager (Male) |
| 5:36 | Crear | Villager (Male) |
| 6:16 | Investigar | Feudal Age |
| 6:16 | Investigar | Feudal Age |
| 7:13 | Construir | Barracks |
| 7:42 | Construir | House |
| 7:54 | Crear | Villager (Male) |
| 7:55 | Investigar | Loom |
| 8:23 | Construir | Palisade Wall |
| 8:26 | Edad | Edad Feudal |
| 8:27 | Construir | Stable |
| 8:33 | Investigar | Double-Bit Axe |
| 8:36 | Crear | Villager (Male) |
| 9:05 | Investigar | Horse Collar |
| 9:06 | Crear | Villager (Male) |
| 9:12 | Crear | Scout Cavalry |
| 9:13 | Crear | Scout Cavalry |
| 9:14 | Construir | House |
| 9:22 | Construir | Farm |
| 9:40 | Crear | Villager (Male) |
| 9:50 | Construir | House |
| 10:00 | Construir | Farm |
| 10:01 | Construir | Farm |
| 10:03 | Crear | Villager (Male) |
| 10:27 | Construir | Farm |
| 10:29 | Crear | Scout Cavalry |
| 10:39 | Construir | Farm |
| 10:44 | Construir | House |
| 10:58 | Crear | Villager (Male) |
| 11:00 | Crear | Scout Cavalry |
| 11:14 | Crear | Villager (Male) |
| 11:15 | Construir | Farm |
| 11:45 | Crear | Villager (Male) |
| 11:46 | Construir | House |
| 11:58 | Crear | Villager (Male) |
| 12:00 | Construir | Farm |
| 12:01 | Construir | Farm |
| 12:03 | Construir | Farm |
| 12:05 | Crear | Villager (Male) |
| 12:07 | Construir | Farm |
| 12:11 | Construir | House |
| 12:17 | Crear | Villager (Male) |
| 12:20 | Construir | Farm |
| 12:31 | Crear | Scout Cavalry |
| 12:36 | Construir | Farm |
| 12:37 | Crear | Spearman |
| 13:10 | Crear | Scout Cavalry |
| 13:14 | Crear | Villager (Male) |
| 13:23 | Construir | Farm |
| 13:25 | Crear | Scout Cavalry |
| 13:38 | Crear | Villager (Male) |
| 13:58 | Crear | Villager (Male) |
| 14:00 | Construir | Farm |
| 14:01 | Construir | Farm |
| 14:18 | Construir | Mining Camp |
| 14:20 | Crear | Villager (Male) |
| 14:37 | Crear | Scout Cavalry |
| 14:49 | Crear | Villager (Male) |
| 14:51 | Construir | Blacksmith |
| 14:59 | Crear | Scout Cavalry |
| 15:03 | Crear | Villager (Male) |
| 15:20 | Construir | Farm |
| 15:45 | Crear | Scout Cavalry |
| 15:48 | Crear | Villager (Male) |
| 16:05 | Crear | Villager (Male) |
| 16:07 | Construir | Farm |
| 16:09 | Construir | Farm |
| 16:10 | Construir | Farm |
| 16:22 | Crear | Scout Cavalry |
| 16:42 | Construir | Stable |
| 17:30 | Investigar | Castle Age |
| 17:53 | Construir | Stable |
| 18:22 | Investigar | Scale Barding Armor |
| 18:33 | Investigar | Bloodlines |
| 18:33 | Investigar | Bloodlines |
| 18:37 | Crear | Camel Scout |
| 18:37 | Crear | Camel Scout |
| 18:49 | Crear | Camel Scout |
| 18:54 | Construir | Farm |
| 18:59 | Crear | Camel Scout |
| 19:14 | Construir | Farm |
| 19:23 | Crear | Camel Scout |
| 19:26 | Investigar | Forging |
| 19:46 | Crear | Scout Cavalry |
| 19:50 | Construir | House |
| 19:51 | Construir | House |
| 19:54 | Crear | Camel Scout |
| 20:04 | Construir | Farm |
| 20:10 | Edad | Edad de los Castillos |
| 20:18 | Investigar | Light Cavalry (upgrade) |
| 20:33 | Crear | Scout Cavalry |
| 20:34 | Crear | Villager (Male) |
| 20:38 | Construir | Town Center |
| 20:55 | Crear | Camel Scout |
| 20:55 | Crear | Camel Scout |
| 21:03 | Crear | Camel Scout |
| 21:20 | Crear | Camel Scout |
| 21:23 | Crear | Villager (Male) |
| 21:38 | Crear | Villager (Male) |
| 21:45 | Crear | Scout Cavalry |
| 21:45 | Crear | Scout Cavalry |
| 21:54 | Crear | Villager (Male) |
| 21:57 | Crear | Scout Cavalry |
| 21:59 | Construir | House |
| 22:00 | Construir | House |
| 22:05 | Investigar | Wheelbarrow |
| 22:19 | Crear | Scout Cavalry |
| 22:25 | Crear | Villager (Male) |
| 22:38 | Construir | Farm |
| 22:38 | Construir | Farm |
| 22:39 | Construir | Farm |
| 22:41 | Crear | Scout Cavalry |
| 22:46 | Construir | House |
| 22:51 | Crear | Villager (Male) |
| 23:04 | Crear | Camel Scout |
| 23:13 | Crear | Villager (Male) |
| 23:13 | Crear | Villager (Male) |
| 23:14 | Construir | House |
| 23:34 | Crear | Scout Cavalry |
Build order — LM | kingofthrowing123
108 acciones detectadas en el replay
| 0:00 | Crear | Villager (Male) |
| 0:00 | Crear | Villager (Male) |
| 0:02 | Construir | House |
| 0:02 | Crear | Villager (Male) |
| 0:03 | Construir | House |
| 0:05 | Crear | Villager (Male) |
| 1:22 | Crear | Villager (Male) |
| 2:01 | Construir | Lumber Camp |
| 2:09 | Crear | Villager (Male) |
| 2:27 | Crear | Villager (Male) |
| 2:44 | Crear | Villager (Male) |
| 3:14 | Crear | Villager (Male) |
| 3:40 | Crear | Villager (Male) |
| 4:00 | Construir | House |
| 4:06 | Crear | Villager (Male) |
| 4:12 | Crear | Villager (Male) |
| 4:17 | Construir | House |
| 4:43 | Construir | Mill |
| 5:01 | Crear | Villager (Male) |
| 5:17 | Crear | Villager (Male) |
| 5:18 | Crear | Villager (Male) |
| 5:18 | Crear | Villager (Male) |
| 5:33 | Crear | Villager (Male) |
| 5:46 | Crear | Villager (Male) |
| 6:15 | Crear | Villager (Male) |
| 6:25 | Construir | Palisade Wall |
| 6:32 | Construir | Mining Camp |
| 6:51 | Crear | Villager (Male) |
| 6:52 | Crear | Villager (Male) |
| 7:00 | Investigar | Loom |
| 7:36 | Construir | Palisade Wall |
| 7:38 | Construir | Palisade Wall |
| 7:44 | Construir | Palisade Wall |
| 8:03 | Construir | Mining Camp |
| 8:11 | Construir | Mining Camp |
| 8:40 | Investigar | Feudal Age |
| 9:06 | Construir | House |
| 10:05 | Crear | Villager (Male) |
| 10:06 | Crear | Villager (Male) |
| 10:59 | Edad | Edad Feudal |
| 11:01 | Construir | Market |
| 11:02 | Construir | Blacksmith |
| 12:01 | Construir | Palisade Wall |
| 12:19 | Investigar | Castle Age |
| 12:22 | Construir | Palisade Wall |
| 12:23 | Construir | Palisade Wall |
| 12:24 | Construir | Palisade Wall |
| 12:27 | Construir | Palisade Wall |
| 13:37 | Investigar | Padded Archer Armor |
| 13:40 | Crear | Villager (Male) |
| 14:15 | Crear | Villager (Male) |
| 14:30 | Construir | House |
| 14:32 | Construir | House |
| 14:59 | Edad | Edad de los Castillos |
| 15:02 | Construir | Castle |
| 15:33 | Construir | House |
| 15:36 | Construir | Palisade Wall |
| 15:37 | Construir | House |
| 15:40 | Construir | Palisade Wall |
| 15:41 | Construir | Palisade Wall |
| 15:44 | Crear | Villager (Male) |
| 16:15 | Crear | Arambai |
| 16:18 | Crear | Arambai |
| 16:47 | Crear | Arambai |
| 16:52 | Crear | Villager (Male) |
| 16:56 | Construir | Farm |
| 16:57 | Construir | Farm |
| 17:09 | Crear | Arambai |
| 17:28 | Construir | Farm |
| 17:29 | Crear | Villager (Male) |
| 17:35 | Crear | Arambai |
| 17:57 | Crear | Arambai |
| 18:21 | Crear | Villager (Male) |
| 18:29 | Crear | Villager (Male) |
| 18:32 | Construir | Siege Workshop |
| 18:53 | Crear | Arambai |
| 19:01 | Crear | Arambai |
| 19:03 | Crear | Villager (Male) |
| 19:06 | Construir | Farm |
| 19:19 | Crear | Arambai |
| 19:19 | Crear | Arambai |
| 19:25 | Crear | Villager (Male) |
| 19:33 | Crear | Arambai |
| 19:54 | Crear | Mangonel |
| 19:54 | Crear | Mangonel |
| 20:02 | Crear | Villager (Male) |
| 20:09 | Crear | Arambai |
| 20:26 | Construir | Farm |
| 20:37 | Construir | Farm |
| 20:45 | Crear | Villager (Male) |
| 20:47 | Crear | Arambai |
| 20:59 | Crear | Arambai |
| 21:05 | Construir | Farm |
| 21:12 | Crear | Arambai |
| 21:21 | Crear | Arambai |
| 21:32 | Crear | Villager (Male) |
| 21:43 | Crear | Mangonel |
| 21:44 | Crear | Villager (Male) |
| 22:15 | Crear | Arambai |
| 22:15 | Crear | Arambai |
| 22:20 | Crear | Villager (Male) |
| 22:31 | Crear | Arambai |
| 22:57 | Crear | Arambai |
| 22:58 | Crear | Arambai |
| 23:03 | Crear | Villager (Male) |
| 23:25 | Crear | Arambai |
| 23:25 | Crear | Arambai |
| 23:27 | Crear | Villager (Male) |
Build order — Rgeadn
139 acciones detectadas en el replay
| 0:01 | Crear | Villager (Male) |
| 0:02 | Construir | House |
| 0:03 | Construir | House |
| 0:10 | Crear | Villager (Male) |
| 0:13 | Crear | Villager (Male) |
| 0:13 | Crear | Villager (Male) |
| 1:32 | Crear | Villager (Male) |
| 1:59 | Construir | Lumber Camp |
| 2:01 | Crear | Villager (Male) |
| 2:15 | Crear | Villager (Male) |
| 2:49 | Crear | Villager (Male) |
| 2:49 | Crear | Villager (Male) |
| 3:08 | Crear | Villager (Male) |
| 3:26 | Crear | Villager (Male) |
| 3:36 | Construir | House |
| 3:55 | Crear | Villager (Male) |
| 3:55 | Crear | Villager (Male) |
| 4:15 | Crear | Villager (Male) |
| 4:20 | Construir | Mill |
| 4:31 | Construir | Mill |
| 4:35 | Crear | Villager (Male) |
| 4:57 | Crear | Villager (Male) |
| 5:04 | Investigar | Loom |
| 5:14 | Crear | Villager (Male) |
| 5:15 | Investigar | Loom |
| 6:29 | Construir | House |
| 6:44 | Investigar | Feudal Age |
| 7:13 | Construir | Barracks |
| 7:36 | Crear | Villager (Male) |
| 8:42 | Crear | Villager (Male) |
| 8:54 | Edad | Edad Feudal |
| 8:59 | Construir | Stable |
| 9:03 | Investigar | Double-Bit Axe |
| 9:07 | Construir | House |
| 9:12 | Investigar | Horse Collar |
| 9:21 | Crear | Villager (Male) |
| 9:42 | Crear | Scout Cavalry |
| 9:46 | Construir | Farm |
| 9:58 | Crear | Villager (Male) |
| 10:09 | Crear | Scout Cavalry |
| 10:16 | Construir | Farm |
| 10:19 | Construir | House |
| 10:27 | Crear | Villager (Male) |
| 10:32 | Crear | Scout Cavalry |
| 10:40 | Construir | Farm |
| 10:52 | Crear | Villager (Male) |
| 11:01 | Construir | Farm |
| 11:09 | Crear | Scout Cavalry |
| 11:12 | Construir | House |
| 11:21 | Crear | Villager (Male) |
| 11:35 | Crear | Villager (Male) |
| 11:47 | Crear | Scout Cavalry |
| 11:49 | Construir | Farm |
| 12:04 | Crear | Villager (Male) |
| 12:12 | Construir | House |
| 12:12 | Construir | House |
| 12:17 | Construir | Farm |
| 12:19 | Construir | Farm |
| 12:21 | Construir | Farm |
| 12:23 | Crear | Scout Cavalry |
| 12:38 | Crear | Villager (Male) |
| 12:41 | Construir | Farm |
| 13:00 | Crear | Villager (Male) |
| 13:02 | Construir | Mining Camp |
| 13:13 | Construir | House |
| 13:16 | Crear | Villager (Male) |
| 13:17 | Construir | Farm |
| 13:19 | Construir | Farm |
| 13:37 | Construir | Farm |
| 13:38 | Crear | Villager (Male) |
| 13:41 | Crear | Spearman |
| 13:47 | Crear | Villager (Male) |
| 13:50 | Construir | Farm |
| 14:04 | Crear | Scout Cavalry |
| 14:20 | Construir | House |
| 14:22 | Crear | Villager (Male) |
| 14:42 | Construir | Blacksmith |
| 14:45 | Crear | Villager (Male) |
| 14:53 | Crear | Scout Cavalry |
| 15:06 | Construir | Market |
| 15:23 | Crear | Villager (Male) |
| 15:50 | Crear | Villager (Male) |
| 16:14 | Crear | Villager (Male) |
| 16:28 | Construir | Lumber Camp |
| 16:42 | Construir | Farm |
| 16:42 | Construir | Mill |
| 16:50 | Crear | Villager (Male) |
| 16:52 | Construir | Farm |
| 16:55 | Construir | Mining Camp |
| 17:07 | Construir | House |
| 17:08 | Construir | House |
| 17:09 | Construir | House |
| 17:16 | Crear | Villager (Male) |
| 17:30 | Construir | Lumber Camp |
| 17:45 | Investigar | Castle Age |
| 18:19 | Investigar | Scale Barding Armor |
| 18:45 | Construir | Stable |
| 19:03 | Investigar | Bloodlines |
| 19:03 | Investigar | Bloodlines |
| 19:21 | Construir | House |
| 19:26 | Investigar | Gold Mining |
| 19:58 | Construir | House |
| 20:14 | Construir | Farm |
| 20:25 | Edad | Edad de los Castillos |
| 20:28 | Investigar | Husbandry |
| 20:28 | Crear | Camel Scout |
| 20:30 | Investigar | Chain Barding Armor |
| 20:30 | Investigar | Chain Barding Armor |
| 20:38 | Construir | Town Center |
| 20:47 | Crear | Camel Scout |
| 20:47 | Crear | Camel Scout |
| 20:52 | Crear | Villager (Male) |
| 21:04 | Crear | Camel Scout |
| 21:15 | Crear | Camel Scout |
| 21:33 | Crear | Camel Scout |
| 21:33 | Crear | Camel Scout |
| 21:50 | Crear | Camel Scout |
| 22:01 | Crear | Villager (Male) |
| 22:03 | Crear | Villager (Male) |
| 22:10 | Crear | Camel Scout |
| 22:19 | Crear | Villager (Male) |
| 22:23 | Construir | Town Center |
| 22:27 | Construir | Farm |
| 22:28 | Construir | Farm |
| 22:29 | Construir | Farm |
| 22:30 | Construir | Farm |
| 22:32 | Crear | Camel Scout |
| 22:37 | Crear | Villager (Male) |
| 22:52 | Crear | Villager (Male) |
| 23:01 | Crear | Camel Scout |
| 23:07 | Construir | Farm |
| 23:16 | Crear | Camel Scout |
| 23:16 | Crear | Camel Scout |
| 23:24 | Crear | Camel Scout |
| 23:24 | Crear | Camel Scout |
| 23:28 | Construir | Farm |
| 23:29 | Construir | Farm |
| 23:32 | Crear | Camel Scout |
| 23:33 | Crear | Camel Scout |
Build order — KekB_Perce1992
115 acciones detectadas en el replay
| 0:00 | Crear | Villager (Male) |
| 0:00 | Crear | Villager (Male) |
| 0:01 | Crear | Villager (Male) |
| 0:01 | Crear | Villager (Male) |
| 0:02 | Investigar | Loom |
| 0:03 | Construir | House |
| 0:05 | Construir | House |
| 0:21 | Crear | Villager (Male) |
| 0:22 | Crear | Villager (Male) |
| 0:22 | Crear | Villager (Male) |
| 0:22 | Crear | Villager (Male) |
| 1:25 | Crear | Villager (Male) |
| 1:25 | Crear | Villager (Male) |
| 1:49 | Crear | Villager (Male) |
| 2:14 | Construir | Lumber Camp |
| 2:19 | Crear | Villager (Male) |
| 2:48 | Crear | Villager (Male) |
| 3:17 | Crear | Villager (Male) |
| 3:38 | Crear | Villager (Male) |
| 3:38 | Crear | Villager (Male) |
| 3:51 | Construir | House |
| 3:57 | Crear | Villager (Male) |
| 3:59 | Crear | Villager (Male) |
| 4:26 | Crear | Villager (Male) |
| 4:42 | Crear | Villager (Male) |
| 5:07 | Crear | Villager (Male) |
| 5:39 | Construir | Barracks |
| 6:12 | Crear | Villager (Male) |
| 6:44 | Construir | House |
| 7:01 | Investigar | Feudal Age |
| 7:13 | Construir | House |
| 7:25 | Crear | Militia |
| 7:25 | Crear | Militia |
| 7:43 | Crear | Militia |
| 7:57 | Construir | Mining Camp |
| 8:20 | Crear | Villager (Male) |
| 8:43 | Crear | Militia |
| 9:11 | Edad | Edad Feudal |
| 9:24 | Investigar | Man-at-Arms (upgrade) |
| 9:35 | Construir | Archery Range |
| 10:04 | Crear | Militia |
| 10:20 | Construir | Archery Range |
| 10:39 | Crear | Villager (Male) |
| 10:43 | Construir | Mill |
| 11:02 | Crear | Archer |
| 11:46 | Crear | Archer |
| 11:46 | Crear | Archer |
| 11:46 | Crear | Archer |
| 11:54 | Crear | Villager (Male) |
| 11:54 | Crear | Villager (Male) |
| 12:18 | Crear | Villager (Male) |
| 12:18 | Crear | Villager (Male) |
| 12:18 | Crear | Villager (Male) |
| 12:38 | Crear | Archer |
| 12:41 | Crear | Villager (Male) |
| 13:17 | Crear | Villager (Male) |
| 13:17 | Crear | Villager (Male) |
| 13:17 | Crear | Villager (Male) |
| 13:21 | Crear | Archer |
| 13:28 | Construir | Watch Tower |
| 14:05 | Crear | Villager (Male) |
| 14:05 | Crear | Villager (Male) |
| 14:28 | Crear | Villager (Male) |
| 14:52 | Construir | House |
| 14:55 | Construir | Market |
| 15:19 | Crear | Archer |
| 15:19 | Crear | Archer |
| 15:19 | Crear | Archer |
| 15:29 | Construir | House |
| 15:37 | Crear | Archer |
| 15:39 | Crear | Villager (Male) |
| 15:45 | Construir | Palisade Wall |
| 15:49 | Crear | Archer |
| 16:00 | Construir | House |
| 16:09 | Construir | House |
| 16:11 | Construir | Palisade Wall |
| 16:14 | Construir | Palisade Wall |
| 16:21 | Crear | Archer |
| 16:21 | Crear | Archer |
| 16:37 | Crear | Villager (Male) |
| 16:48 | Crear | Archer |
| 16:48 | Crear | Archer |
| 17:09 | Crear | Villager (Male) |
| 17:09 | Crear | Villager (Male) |
| 17:09 | Crear | Villager (Male) |
| 17:36 | Crear | Villager (Male) |
| 17:44 | Crear | Archer |
| 17:44 | Crear | Archer |
| 18:37 | Construir | Blacksmith |
| 19:12 | Investigar | Fletching |
| 20:05 | Construir | House |
| 20:43 | Crear | Villager (Male) |
| 20:44 | Crear | Villager (Male) |
| 20:49 | Construir | House |
| 20:53 | Crear | Archer |
| 20:54 | Crear | Archer |
| 20:54 | Crear | Archer |
| 20:54 | Crear | Archer |
| 21:20 | Crear | Villager (Male) |
| 21:37 | Construir | Farm |
| 21:43 | Crear | Villager (Male) |
| 22:05 | Crear | Villager (Male) |
| 22:16 | Construir | Farm |
| 22:21 | Crear | Archer |
| 22:21 | Crear | Archer |
| 22:48 | Crear | Archer |
| 22:48 | Crear | Archer |
| 23:03 | Crear | Villager (Male) |
| 23:03 | Crear | Villager (Male) |
| 23:07 | Crear | Archer |
| 23:07 | Crear | Archer |
| 23:08 | Construir | House |
| 23:14 | Crear | Villager (Male) |
| 23:32 | Construir | House |
| 23:33 | Construir | House |
Build order — lxnmnk Trade | B | S
Primeras 150 de 194 acciones detectadas
| 0:02 | Crear | Villager (Male) ×4 |
| 0:04 | Construir | House |
| 0:05 | Construir | House |
| 1:30 | Crear | Villager (Male) |
| 1:46 | Construir | Lumber Camp |
| 1:55 | Crear | Villager (Male) |
| 2:19 | Crear | Villager (Male) |
| 2:54 | Crear | Villager (Male) |
| 3:11 | Crear | Villager (Male) |
| 3:31 | Crear | Villager (Male) |
| 3:40 | Construir | House |
| 3:59 | Crear | Villager (Male) |
| 4:14 | Crear | Villager (Male) |
| 4:15 | Crear | Villager (Male) |
| 4:33 | Crear | Villager (Male) |
| 5:07 | Crear | Villager (Male) |
| 5:37 | Crear | Villager (Male) |
| 5:37 | Crear | Villager (Male) |
| 5:37 | Crear | Villager (Male) |
| 5:43 | Crear | Villager (Male) |
| 5:56 | Construir | Mining Camp |
| 6:49 | Investigar | Feudal Age |
| 7:20 | Construir | Barracks |
| 7:33 | Crear | Villager (Male) |
| 7:51 | Construir | House |
| 8:31 | Crear | Villager (Male) |
| 8:59 | Edad | Edad Feudal |
| 9:01 | Construir | Archery Range |
| 9:03 | Construir | Archery Range |
| 9:06 | Investigar | Loom |
| 9:11 | Crear | Villager (Male) |
| 9:21 | Crear | Villager (Male) |
| 9:26 | Investigar | Double-Bit Axe |
| 9:41 | Construir | Palisade Wall |
| 9:48 | Construir | Palisade Wall |
| 9:49 | Construir | Palisade Wall |
| 9:50 | Construir | Palisade Wall |
| 9:53 | Construir | Palisade Wall |
| 9:53 | Construir | Palisade Wall |
| 9:54 | Construir | Palisade Wall |
| 9:58 | Construir | Palisade Wall |
| 10:05 | Crear | Villager (Male) |
| 10:19 | Crear | Villager (Male) |
| 10:24 | Construir | House |
| 10:29 | Construir | House |
| 10:32 | Crear | Archer |
| 10:32 | Crear | Archer |
| 10:37 | Crear | Archer |
| 10:42 | Construir | Palisade Wall |
| 10:44 | Crear | Archer |
| 10:51 | Construir | House |
| 10:55 | Crear | Archer |
| 10:57 | Crear | Villager (Male) |
| 11:03 | Construir | House |
| 11:06 | Construir | Mill |
| 11:07 | Crear | Archer |
| 11:08 | Crear | Archer |
| 11:21 | Construir | Blacksmith |
| 11:23 | Crear | Archer |
| 11:33 | Crear | Archer |
| 11:44 | Crear | Villager (Male) |
| 11:50 | Construir | House |
| 12:03 | Crear | Villager (Male) |
| 12:07 | Construir | House |
| 12:07 | Crear | Archer |
| 12:15 | Construir | Farm |
| 12:22 | Construir | Palisade Wall |
| 12:30 | Construir | House |
| 12:35 | Construir | House |
| 12:43 | Crear | Villager (Male) |
| 12:44 | Crear | Archer |
| 12:47 | Construir | House |
| 13:20 | Construir | Farm |
| 13:22 | Investigar | Fletching |
| 13:32 | Construir | House |
| 13:36 | Construir | Farm |
| 14:06 | Crear | Archer |
| 14:06 | Crear | Archer |
| 14:15 | Crear | Villager (Male) |
| 14:16 | Crear | Villager (Male) |
| 14:17 | Crear | Villager (Male) |
| 14:26 | Crear | Archer |
| 14:27 | Crear | Villager (Male) |
| 14:27 | Crear | Villager (Male) |
| 14:33 | Construir | House |
| 14:43 | Construir | House |
| 14:43 | Crear | Archer |
| 14:45 | Crear | Villager (Male) |
| 14:46 | Construir | Farm |
| 14:47 | Construir | Farm |
| 14:47 | Construir | Farm |
| 14:47 | Construir | Farm |
| 14:47 | Construir | Farm |
| 14:51 | Construir | Farm |
| 15:03 | Investigar | Wheelbarrow |
| 15:03 | Investigar | Wheelbarrow |
| 15:07 | Construir | House |
| 15:07 | Construir | Palisade Wall |
| 15:27 | Crear | Villager (Male) |
| 15:28 | Crear | Villager (Male) |
| 15:42 | Crear | Archer |
| 15:42 | Crear | Archer |
| 15:50 | Crear | Archer |
| 15:50 | Crear | Villager (Male) |
| 15:50 | Crear | Villager (Male) |
| 16:02 | Crear | Archer |
| 16:20 | Crear | Villager (Male) |
| 16:20 | Crear | Villager (Male) |
| 16:36 | Crear | Archer |
| 16:38 | Crear | Villager (Male) |
| 16:38 | Crear | Villager (Male) |
| 16:40 | Construir | House |
| 16:51 | Crear | Archer |
| 16:56 | Construir | Farm |
| 17:02 | Crear | Archer |
| 17:10 | Crear | Villager (Male) |
| 17:11 | Construir | Farm |
| 17:26 | Crear | Archer |
| 17:27 | Crear | Archer |
| 17:28 | Crear | Villager (Male) |
| 17:30 | Construir | House |
| 17:30 | Construir | Palisade Wall |
| 17:31 | Crear | Villager (Male) |
| 17:31 | Crear | Villager (Male) |
| 17:34 | Crear | Archer |
| 18:03 | Crear | Archer |
| 18:04 | Crear | Villager (Male) |
| 18:04 | Crear | Villager (Male) |
| 18:08 | Crear | Villager (Male) |
| 18:09 | Crear | Villager (Male) |
| 18:11 | Construir | House |
| 18:12 | Crear | Archer |
| 18:22 | Crear | Archer |
| 18:23 | Investigar | Gold Mining |
| 18:32 | Crear | Villager (Male) |
| 18:35 | Construir | Farm |
| 18:37 | Construir | Farm |
| 18:44 | Crear | Archer |
| 18:45 | Crear | Villager (Male) |
| 18:48 | Construir | House |
| 18:50 | Crear | Villager (Male) |
| 18:51 | Crear | Archer |
| 19:06 | Crear | Archer |
| 19:24 | Construir | Farm |
| 19:47 | Investigar | Castle Age |
| 19:54 | Construir | Mining Camp |
| 19:58 | Construir | Palisade Wall |
| 20:27 | Investigar | Horse Collar |
| 20:29 | Investigar | Gold Mining |
| 20:33 | Crear | Villager (Male) |
Build order — Scogx
Primeras 150 de 162 acciones detectadas
| 0:00 | Crear | Villager (Male) |
| 0:00 | Crear | Villager (Male) |
| 0:01 | Crear | Villager (Male) |
| 0:02 | Construir | House |
| 0:03 | Construir | House |
| 0:12 | Crear | Villager (Male) |
| 1:24 | Crear | Villager (Male) |
| 1:45 | Crear | Villager (Male) |
| 1:56 | Construir | Lumber Camp |
| 2:02 | Crear | Villager (Male) |
| 2:29 | Crear | Villager (Male) |
| 3:04 | Crear | Villager (Male) |
| 3:41 | Crear | Villager (Male) |
| 3:41 | Crear | Villager (Male) |
| 3:44 | Crear | Villager (Male) |
| 3:49 | Construir | House |
| 4:12 | Construir | House |
| 4:17 | Crear | Villager (Male) |
| 4:20 | Construir | Palisade Wall |
| 4:36 | Crear | Villager (Male) |
| 4:39 | Construir | Mill |
| 4:52 | Crear | Villager (Male) |
| 5:01 | Crear | Villager (Male) |
| 5:32 | Crear | Villager (Male) |
| 5:36 | Investigar | Loom |
| 6:54 | Investigar | Feudal Age |
| 7:31 | Construir | Barracks |
| 7:48 | Crear | Villager (Male) |
| 8:23 | Crear | Villager (Male) |
| 9:15 | Edad | Edad Feudal |
| 9:17 | Construir | Stable |
| 9:19 | Investigar | Double-Bit Axe |
| 9:21 | Investigar | Horse Collar |
| 9:22 | Crear | Villager (Male) |
| 9:43 | Crear | Villager (Male) |
| 9:47 | Construir | Farm |
| 9:50 | Construir | House |
| 10:03 | Crear | Scout Cavalry |
| 10:03 | Crear | Scout Cavalry |
| 10:22 | Construir | House |
| 10:26 | Construir | Farm |
| 10:33 | Construir | Farm |
| 10:42 | Crear | Scout Cavalry |
| 10:56 | Construir | Palisade Gate |
| 10:58 | Crear | Villager (Male) |
| 10:59 | Crear | Villager (Male) |
| 11:01 | Construir | Farm |
| 11:13 | Crear | Scout Cavalry |
| 11:37 | Construir | House |
| 11:47 | Crear | Scout Cavalry |
| 11:48 | Crear | Villager (Male) |
| 11:53 | Construir | Farm |
| 11:54 | Construir | Farm |
| 12:08 | Crear | Villager (Male) |
| 12:10 | Construir | Palisade Wall |
| 12:14 | Construir | Farm |
| 12:16 | Construir | Farm |
| 12:19 | Construir | Farm |
| 12:23 | Crear | Scout Cavalry |
| 12:35 | Crear | Villager (Male) |
| 12:52 | Crear | Villager (Male) |
| 12:56 | Crear | Scout Cavalry |
| 13:05 | Construir | House |
| 13:13 | Crear | Scout Cavalry |
| 13:18 | Construir | Farm |
| 13:18 | Construir | Farm |
| 13:25 | Crear | Villager (Male) |
| 13:41 | Construir | Blacksmith |
| 13:41 | Crear | Villager (Male) |
| 13:50 | Crear | Scout Cavalry |
| 14:04 | Crear | Villager (Male) |
| 14:20 | Crear | Scout Cavalry |
| 14:25 | Construir | Farm |
| 14:25 | Construir | Farm |
| 14:27 | Construir | Farm |
| 14:28 | Construir | Farm |
| 14:43 | Crear | Villager (Male) |
| 14:45 | Construir | House |
| 14:45 | Construir | Palisade Wall |
| 14:49 | Crear | Scout Cavalry |
| 14:54 | Construir | Farm |
| 14:57 | Construir | Palisade Wall |
| 14:59 | Construir | Palisade Wall |
| 15:08 | Crear | Villager (Male) |
| 15:18 | Construir | Palisade Wall |
| 15:21 | Investigar | Scale Barding Armor |
| 15:28 | Construir | Farm |
| 15:33 | Crear | Villager (Male) |
| 15:43 | Crear | Scout Cavalry |
| 15:48 | Construir | Mining Camp |
| 15:52 | Crear | Villager (Male) |
| 16:06 | Crear | Villager (Male) |
| 16:14 | Crear | Scout Cavalry |
| 16:36 | Crear | Scout Cavalry |
| 16:44 | Construir | House |
| 16:48 | Crear | Villager (Male) |
| 16:52 | Construir | Farm |
| 16:53 | Construir | Farm |
| 17:07 | Investigar | Forging |
| 17:08 | Crear | Villager (Male) |
| 17:11 | Construir | House |
| 17:21 | Crear | Villager (Male) |
| 17:31 | Crear | Spearman |
| 17:36 | Construir | House |
| 17:37 | Construir | House |
| 17:42 | Crear | Villager (Male) |
| 17:51 | Crear | Villager (Male) |
| 17:53 | Construir | Palisade Wall |
| 17:54 | Construir | Palisade Wall |
| 18:03 | Crear | Spearman |
| 18:10 | Crear | Scout Cavalry |
| 18:12 | Construir | House |
| 18:18 | Construir | Palisade Gate |
| 18:21 | Construir | Palisade Wall |
| 18:24 | Construir | Palisade Wall |
| 18:26 | Construir | House |
| 18:28 | Construir | House |
| 18:29 | Construir | Palisade Wall |
| 18:32 | Construir | Palisade Wall |
| 18:33 | Crear | Villager (Male) |
| 18:40 | Crear | Spearman |
| 18:51 | Construir | Market |
| 18:56 | Crear | Spearman |
| 19:06 | Crear | Villager (Male) |
| 19:15 | Construir | Farm |
| 19:17 | Construir | Farm |
| 19:26 | Construir | Palisade Wall |
| 19:40 | Crear | Villager (Male) |
| 19:46 | Construir | Farm |
| 19:52 | Construir | Farm |
| 20:00 | Construir | Farm |
| 20:05 | Crear | Villager (Male) |
| 20:23 | Construir | Farm |
| 20:37 | Crear | Villager (Male) |
| 20:54 | Crear | Villager (Male) |
| 21:21 | Crear | Villager (Male) |
| 21:28 | Construir | Gate |
| 21:39 | Construir | Stone Wall |
| 21:43 | Investigar | Castle Age |
| 21:52 | Crear | Villager (Male) |
| 22:05 | Construir | Stable |
| 22:11 | Construir | Stone Wall |
| 22:14 | Construir | House |
| 22:21 | Crear | Spearman |
| 22:22 | Crear | Spearman |
| 22:24 | Crear | Villager (Male) |
| 22:35 | Crear | Spearman |
| 22:46 | Construir | Watch Tower |
| 22:47 | Crear | Villager (Male) |
| 22:50 | Construir | House |
Build order — Eugenius
Primeras 150 de 169 acciones detectadas
| 0:01 | Crear | Villager (Male) |
| 0:01 | Crear | Villager (Male) |
| 0:02 | Construir | House |
| 0:03 | Construir | House |
| 0:12 | Crear | Villager (Male) |
| 0:12 | Crear | Villager (Male) |
| 1:31 | Crear | Villager (Male) |
| 1:32 | Crear | Villager (Male) |
| 1:32 | Crear | Villager (Male) |
| 2:05 | Crear | Villager (Male) |
| 2:05 | Crear | Villager (Male) |
| 2:15 | Construir | Mule Cart |
| 2:19 | Crear | Villager (Male) |
| 2:19 | Crear | Villager (Male) |
| 2:49 | Crear | Villager (Male) |
| 2:49 | Crear | Villager (Male) |
| 2:49 | Crear | Villager (Male) |
| 3:15 | Crear | Villager (Male) |
| 3:15 | Crear | Villager (Male) |
| 3:44 | Crear | Villager (Male) |
| 3:44 | Crear | Villager (Male) |
| 3:44 | Crear | Villager (Male) |
| 3:50 | Construir | House |
| 3:55 | Construir | Mill |
| 4:03 | Crear | Villager (Male) |
| 4:03 | Crear | Villager (Male) |
| 4:03 | Crear | Villager (Male) |
| 4:24 | Crear | Villager (Male) |
| 4:52 | Crear | Villager (Male) |
| 4:52 | Crear | Villager (Male) |
| 5:19 | Crear | Villager (Male) |
| 5:19 | Crear | Villager (Male) |
| 5:40 | Investigar | Loom |
| 6:37 | Investigar | Feudal Age |
| 6:37 | Investigar | Feudal Age |
| 6:55 | Construir | House |
| 6:56 | Construir | Barracks |
| 7:50 | Construir | Mule Cart |
| 7:53 | Crear | Villager (Male) |
| 8:43 | Construir | Palisade Gate |
| 8:51 | Edad | Edad Feudal |
| 8:55 | Construir | Archery Range |
| 9:01 | Construir | Archery Range |
| 9:03 | Construir | Palisade Wall |
| 9:05 | Crear | Villager (Male) |
| 9:16 | Crear | Villager (Male) |
| 9:24 | Investigar | Double-Bit Axe |
| 9:24 | Investigar | Double-Bit Axe |
| 9:35 | Construir | House |
| 9:47 | Crear | Archer |
| 9:59 | Crear | Archer |
| 10:00 | Crear | Archer |
| 10:02 | Crear | Villager (Male) |
| 10:17 | Construir | House |
| 10:21 | Crear | Villager (Male) |
| 10:21 | Crear | Villager (Male) |
| 10:21 | Crear | Villager (Male) |
| 10:40 | Crear | Villager (Male) |
| 10:40 | Crear | Villager (Male) |
| 10:41 | Crear | Archer |
| 10:41 | Crear | Archer |
| 10:49 | Construir | Palisade Wall |
| 10:50 | Construir | Palisade Wall |
| 10:56 | Crear | Archer |
| 10:56 | Crear | Archer |
| 10:56 | Crear | Archer |
| 11:00 | Construir | House |
| 11:00 | Crear | Villager (Male) |
| 11:01 | Crear | Villager (Male) |
| 11:20 | Crear | Villager (Male) |
| 11:23 | Construir | House |
| 11:24 | Crear | Archer |
| 11:24 | Crear | Archer |
| 11:44 | Crear | Villager (Male) |
| 11:50 | Construir | Blacksmith |
| 11:51 | Crear | Archer |
| 11:51 | Crear | Archer |
| 12:14 | Crear | Villager (Male) |
| 12:18 | Construir | House |
| 12:20 | Construir | House |
| 12:21 | Construir | Palisade Wall |
| 12:52 | Crear | Villager (Male) |
| 12:56 | Investigar | Fletching |
| 12:56 | Investigar | Fletching |
| 13:00 | Construir | Farm |
| 13:02 | Construir | Farm |
| 13:02 | Construir | Farm |
| 13:03 | Construir | Farm |
| 13:03 | Crear | Villager (Male) |
| 13:04 | Crear | Villager (Male) |
| 13:19 | Crear | Archer |
| 13:19 | Crear | Archer |
| 13:25 | Construir | Farm |
| 13:48 | Crear | Archer |
| 13:48 | Crear | Archer |
| 14:08 | Crear | Villager (Male) |
| 14:10 | Construir | Farm |
| 14:11 | Crear | Archer |
| 14:11 | Crear | Archer |
| 14:15 | Crear | Archer |
| 14:16 | Crear | Villager (Male) |
| 14:19 | Construir | House |
| 14:21 | Construir | House |
| 14:23 | Construir | House |
| 14:24 | Construir | Palisade Wall |
| 14:29 | Construir | Palisade Wall |
| 14:39 | Construir | Palisade Wall |
| 14:41 | Crear | Archer |
| 14:42 | Crear | Archer |
| 15:17 | Crear | Villager (Male) |
| 15:25 | Construir | Market |
| 15:54 | Crear | Villager (Male) |
| 15:57 | Crear | Archer |
| 15:57 | Crear | Archer |
| 16:02 | Construir | House |
| 16:28 | Construir | Farm |
| 16:41 | Crear | Villager (Male) |
| 17:12 | Investigar | Castle Age |
| 17:12 | Investigar | Castle Age |
| 17:27 | Construir | House |
| 17:37 | Crear | Archer |
| 17:37 | Crear | Archer |
| 17:37 | Crear | Archer |
| 17:39 | Crear | Archer |
| 17:39 | Crear | Archer |
| 18:11 | Crear | Archer |
| 18:21 | Construir | House |
| 18:22 | Construir | House |
| 18:30 | Investigar | Padded Archer Armor |
| 18:31 | Crear | Archer |
| 18:35 | Construir | House |
| 18:42 | Crear | Villager (Male) |
| 18:52 | Crear | Skirmisher |
| 18:52 | Crear | Skirmisher |
| 19:02 | Construir | House |
| 19:03 | Construir | House |
| 19:08 | Construir | House |
| 19:11 | Construir | House |
| 19:23 | Construir | House |
| 19:25 | Construir | House |
| 19:26 | Construir | House |
| 19:46 | Crear | Archer |
| 19:46 | Crear | Archer |
| 19:52 | Edad | Edad de los Castillos |
| 19:55 | Investigar | Bodkin Arrow |
| 19:55 | Investigar | Bodkin Arrow |
| 20:09 | Construir | Monastery |
| 20:12 | Crear | Villager (Male) |
| 20:18 | Crear | Villager (Male) |
| 20:25 | Investigar | Crossbowman (upgrade) |
Cronología de la partida
| 4:20 | Scogx · wall_segment Palisade Wall x1 |
| 5:39 | KekB_Perce1992 · first_building Barracks |
| 6:25 | LM | kingofthrowing123 · wall_segment Palisade Wall x7 |
| 6:56 | Eugenius · first_building Barracks |
| 7:13 | Zni.Chaos · first_building Barracks |
| 7:13 | Rgeadn · first_building Barracks |
| 7:20 | lxnmnk Trade | B | S · first_building Barracks |
| 7:31 | Scogx · first_building Barracks |
| 7:36 | LM | kingofthrowing123 · wall_segment Palisade Wall x11 |
| 7:38 | LM | kingofthrowing123 · wall_segment Palisade Wall x7 |
| 7:44 | LM | kingofthrowing123 · wall_segment Palisade Wall x3 |
| 7:49 | chrizbee · first_building Barracks |
| 8:23 | Zni.Chaos · wall_segment Palisade Wall x6 |
| 8:26 | Zni.Chaos · age_up feudal |
| 8:27 | Zni.Chaos · first_building Stable |
| 8:51 | Eugenius · age_up feudal |
| 8:54 | Rgeadn · age_up feudal |
| 8:55 | Eugenius · first_building Archery Range |
| 8:59 | Rgeadn · first_building Stable |
| 8:59 | lxnmnk Trade | B | S · age_up feudal |
| 9:01 | lxnmnk Trade | B | S · first_building Archery Range |
| 9:03 | Eugenius · wall_segment Palisade Wall x1 |
| 9:11 | KekB_Perce1992 · age_up feudal |
| 9:15 | Scogx · age_up feudal |
| 9:17 | chrizbee · age_up feudal |
| 9:17 | Scogx · first_building Stable |
| 9:35 | KekB_Perce1992 · first_building Archery Range |
| 9:41 | lxnmnk Trade | B | S · wall_segment Palisade Wall x1 |
| 9:48 | lxnmnk Trade | B | S · wall_segment Palisade Wall x1 |
| 9:49 | lxnmnk Trade | B | S · wall_segment Palisade Wall x1 |
| 9:50 | lxnmnk Trade | B | S · wall_segment Palisade Wall x1 |
| 9:53 | lxnmnk Trade | B | S · wall_segment Palisade Wall x1 |
| 9:53 | lxnmnk Trade | B | S · wall_segment Palisade Wall x1 |
| 9:54 | lxnmnk Trade | B | S · wall_segment Palisade Wall x1 |
| 9:58 | lxnmnk Trade | B | S · wall_segment Palisade Wall x1 |
| 10:18 | chrizbee · first_building Stable |
| 10:42 | lxnmnk Trade | B | S · wall_segment Palisade Wall x1 |
| 10:49 | Eugenius · wall_segment Palisade Wall x1 |
| 10:50 | Eugenius · wall_segment Palisade Wall x4 |
| 10:57 | chrizbee · wall_segment Palisade Wall x12 |
| 10:59 | LM | kingofthrowing123 · age_up feudal |
| 11:15 | chrizbee · wall_segment Palisade Wall x4 |
| 11:23 | chrizbee · wall_segment Palisade Wall x1 |
| 12:01 | LM | kingofthrowing123 · wall_segment Palisade Wall x1 |
| 12:03 | LM | kingofthrowing123 · first_market_sell 100 wood |
| 12:04 | LM | kingofthrowing123 · first_market_buy 100 food |
| 12:10 | Scogx · wall_segment Palisade Wall x6 |
| 12:21 | Eugenius · wall_segment Palisade Wall x14 |
| 12:22 | lxnmnk Trade | B | S · wall_segment Palisade Wall x1 |
| 12:22 | LM | kingofthrowing123 · wall_segment Palisade Wall x1 |
| 12:23 | LM | kingofthrowing123 · wall_segment Palisade Wall x1 |
| 12:24 | LM | kingofthrowing123 · wall_segment Palisade Wall x1 |
| 12:27 | LM | kingofthrowing123 · wall_segment Palisade Wall x1 |
| 14:24 | Eugenius · wall_segment Palisade Wall x2 |
| 14:29 | Eugenius · wall_segment Palisade Wall x11 |
| 14:39 | Eugenius · wall_segment Palisade Wall x4 |
| 14:45 | Scogx · wall_segment Palisade Wall x1 |
| 14:57 | Scogx · wall_segment Palisade Wall x1 |
| 14:59 | LM | kingofthrowing123 · age_up castle |
| 14:59 | Scogx · wall_segment Palisade Wall x8 |
| 15:02 | LM | kingofthrowing123 · first_building Castle |
| 15:07 | lxnmnk Trade | B | S · wall_segment Palisade Wall x6 |
| 15:18 | Scogx · wall_segment Palisade Wall x7 |
| 15:36 | LM | kingofthrowing123 · wall_segment Palisade Wall x1 |
| 15:40 | LM | kingofthrowing123 · wall_segment Palisade Wall x1 |
| 15:41 | LM | kingofthrowing123 · wall_segment Palisade Wall x1 |
| 15:45 | KekB_Perce1992 · wall_segment Palisade Wall x1 |
| 15:54 | KekB_Perce1992 · first_market_sell 100 wood |
| 16:11 | KekB_Perce1992 · wall_segment Palisade Wall x1 |
| 16:14 | KekB_Perce1992 · wall_segment Palisade Wall x1 |
| 16:15 | Eugenius · first_market_sell 500 stone |
| 16:16 | Eugenius · first_market_buy 100 food |
| 16:45 | KekB_Perce1992 · first_market_buy 100 food |
| 17:02 | Rgeadn · first_market_buy 100 food |
| 17:30 | lxnmnk Trade | B | S · wall_segment Palisade Wall x5 |
| 17:53 | Scogx · wall_segment Palisade Wall x1 |
| 17:54 | Scogx · wall_segment Palisade Wall x1 |
| 18:21 | Scogx · wall_segment Palisade Wall x1 |
| 18:24 | Scogx · wall_segment Palisade Wall x1 |
| 18:29 | Scogx · wall_segment Palisade Wall x1 |
| 18:32 | LM | kingofthrowing123 · first_building Siege Workshop |
| 18:32 | Scogx · wall_segment Palisade Wall x1 |
| 19:12 | chrizbee · wall_segment Palisade Wall x6 |
| 19:13 | chrizbee · wall_segment Palisade Wall x14 |
| 19:26 | Scogx · wall_segment Palisade Wall x6 |
| 19:52 | Eugenius · age_up castle |
| 19:58 | lxnmnk Trade | B | S · wall_segment Palisade Wall x10 |
| 20:09 | Eugenius · first_building Monastery |
| 20:10 | Zni.Chaos · age_up castle |
| 20:25 | Rgeadn · age_up castle |
| 21:12 | lxnmnk Trade | B | S · wall_segment Palisade Wall x7 |
| 21:13 | lxnmnk Trade | B | S · wall_segment Palisade Wall x1 |
| 21:17 | chrizbee · first_market_sell 100 wood |
| 21:39 | Scogx · wall_segment Stone Wall x5 |
| 21:41 | Scogx · first_market_buy 100 food |
| 21:46 | chrizbee · first_market_buy 100 food |
| 22:11 | Scogx · wall_segment Stone Wall x3 |
| 22:27 | lxnmnk Trade | B | S · age_up castle |
| 23:21 | Scogx · wall_segment Palisade Wall x1 |
| 23:33 | LM | kingofthrowing123 · resign |
[ ANÁLISIS IA · 1 CRÉDITO ]
¿Qué pasó realmente en esta partida?
Wolo.gg analiza cada decisión: build order, eco, micro, errores típicos por bracket. Análisis personalizado por WhatsApp o Discord en 30 segundos.
Guía civ
Georgianos
Perfil
chrizbee